 Dungeon Crawl Stone Soup version 0.22-a0-815-gb582571 (webtiles) character file.

28 Supahsalami the Grave Robber (level 2, -1/28 HPs)
             Began as a Vampire Necromancer on July 23, 2018.
             Slain by an adder (3 damage)
             ... on level 2 of the Dungeon.
             The game lasted 00:04:12 (1774 turns).

Supahsalami the Grave Robber (Vampire Necromancer)  Turns: 1774, Time: 00:04:13

Health: -1/28      AC: 21    Str:  7    XL:     2   Next: 96%
Magic:  2/5        EV:  2    Int: 17    God:
Gold:   69         SH:  0    Dex: 14    Spells: 3/5 levels left

rFire    . . .     SeeInvis +   m - +0 dagger
rCold    . . .     Gourm    .   (no shield)
rNeg     + + +     Faith    .   (armour currently unavailable)
rPois    +         Spirit   .   (helmet currently unavailable)
rElec    .         Reflect  .   (cloak currently unavailable)
rCorr    .         Harm     .   (gloves currently unavailable)
MR       .....     NoTele   +   (boots currently unavailable)
Stlth    ++........             (no amulet)
HPRegen  0.09/turn              (no ring)
MPRegen  0.09/turn              (no ring)

@: lethally poisoned (-1 -> -3), tree-form, very slightly contaminated
A: see invisible
a: no special abilities


You were on level 2 of the Dungeon.
You were not thirsty.
You were a tree.
You visited 1 branch of the dungeon, and saw 2 of its levels.

You collected 69 gold pieces.

Inventory:

Hand Weapons
 m - a +0 dagger (weapon)
Missiles
 a - 22 stones
 g - 8 tomahawks (quivered)
Armour
 k - a +0 leather armour (melded)
Jewellery
 f - an uncursed ring of poison resistance {unknown}
Scrolls
 b - a scroll of remove curse {unknown}
 d - a scroll of blinking {unknown}
 e - 2 scrolls of identify {unknown}
 i - a scroll of immolation {unknown}
 j - a scroll of enchant armour {unknown}
Potions
 c - 7 potions of blood


   Skills:
 + Level 2.4 Dodging
 + Level 3.3 Stealth
 + Level 2.2 Spellcasting
 * Level 5.0 Necromancy


You had 3 spell levels left.
You knew the following spells:

 Your Spells              Type           Power        Failure   Level  Hunger
a - Pain                  Necr           ###.         2%          1    #......
b - Animate Skeleton      Necr           N/A          2%          1    #......

Your spell library contained the following spells:

 Spells                   Type           Power        Failure   Level  Hunger
 Animate Dead             Necr           N/A          24%         4    #####..
 Vampiric Draining        Necr           ###.......   7%          3    ###....
 Regeneration             Chrm/Necr      ##........   21%         3    ###....


Dungeon Overview and Level Annotations

Branches:
Dungeon (2/15)

Altars:


Innate Abilities, Weirdness & Mutations

((You have razor-sharp teeth.))
You have supernaturally acute eyesight. (SInv)
((You can survive without breathing.))


Message History

Aiming: Pain (safe; 3% risk of failure)
Press: ? - help, Shift-Dir - straight line, f/p - adder
Aim: an adder (chance to defeat MR: 84%)
You miscast Pain.
You are very lightly contaminated with residual magic.
Pain shoots through your body. The adder barely misses you.
The adder closely misses you.
* * * LOW HITPOINT WARNING * * *
You feel sick. The adder bites you but does no damage.
It was a potion of lignification.
You turn into a tree.
Your +0 leather armour melds into your body.
Your roots penetrate the ground.
The adder barely misses you.
You closely miss the adder.
* * * LOW HITPOINT WARNING * * *
You feel sick. The adder bites you but does no damage.
You hit the adder.
The adder is lightly wounded.
The adder bites you.
You die...

........####...
.......#
#....##).......
....#..
....###<####...
....##.
.....##........
####...$...
........####$..
..........
.......##
#.........
......##
#####.........
.)....#
####.........>...
......#
##.♣SK####......?.
......# #..####
......... ......#
###.## #####...##
......# ###...#
##.#
......####...###
.# ...........###
# ......######
....<...####
#####......#


You could see an adder and a kobold.

Vanquished Creatures
  A worm (D:2)
  A leopard gecko (D:2)
  A ball python (D:1)
  4 bats (D:1)
  2 giant cockroaches (D:1)
  3 hobgoblins
  A quokka (D:2)
  A frilled lizard (D:1)
  4 goblins
  2 kobolds (D:1)
  A rat (D:1)
21 creatures vanquished.

Notes
Turn   | Place    | Note
-------+----------+-------------------------------------------
     0 | D:1      | Supahsalami the Vampire Necromancer began the quest for the Orb.
     0 | D:1      | Reached XP level 1. HP: 13/13 MP: 3/3
   378 | D:1      | Reached XP level 2. HP: 17/19 MP: 3/5
  1050 | D:1      | Learned a level 1 spell: Animate Skeleton
  1372 | D:2      | Reached skill level 5 in Necromancy
  1774 | D:2      | Slain by an adder

Vault maps used:
D:1:      lightli_molten_gateway, minmay_pentomino_w2
D:2:      minmay_quantized

Skill      XL: |  1  2 |
---------------+-------+-----
Necromancy     | 5 |  5.0
Dodging        | |  2.4
Stealth        | |  3.3
Spellcasting   | |  2.2

Action                   || total
-------------------------++-------
Melee: Unarmed           ||     8
       Bite              ||     3
       Mace              ||     6
       Dagger            ||     6
 Cast: Pain              ||    37
  Use: Potion            ||     3
Armor: Robe              ||     6
       Leather armour    ||     3
       Skin              ||     1
Dodge: Dodged            ||    27

Table legend:
 A = Spawn XP
 B = Non-spawn XP
 C = Spawn XP percentage of total XP
 D = Spawn monster count
 E = Non-spawn monster count
 F = Spawn count percentage of total count
 G = Total turns spent on level
                    A         B        C        D         E        F      G
               +---------+---------+-------+---------+---------+-------+---------
         Total |       0 |      40 |   0.0 |       0 |      21 |   0.0 |  1774
               +---------+---------+-------+---------+---------+-------+---------
           D:1 |       0 |      26 |   0.0 |       0 |      16 |   0.0 |  1604
           D:2 |       0 |      14 |   0.0 |       0 |       5 |   0.0 |   170
               +---------+---------+-------+---------+---------+-------+---------
